 Dungeon Crawl Stone Soup version 0.25.0-8-gfd19cd77bd (webtiles) character file.

Game seed: 17157594812663021587

176 Acheron the Vexing (level 5, -2/41 HPs)
             Began as a Gnoll Arcane Marksman on June 16, 2020.
             Killed from afar by an orc wizard (12 damage)
             ... with a puff of frost
             ... on level 5 of the Dungeon.
             The game lasted 00:24:01 (4040 turns).

Acheron the Vexing (Gnoll Arcane Marksman)          Turns: 4040, Time: 00:24:02

Health: -2/41      AC:  5    Str: 12    XL:     5   Next: 56%
Magic:  9/9        EV: 14    Int: 15    God:
Gold:   149        SH:  7    Dex: 17    Spells: 7/10 levels left

rFire    + . .     SeeInvis .   s - +0 short sword
rCold    . . .     Gourm    .   h - +3 buckler {rF+}
rNeg     . . .     Faith    .   g - +0 leather armour (curse)
rPois    .         Spirit   .   l - +1 helmet
rElec    .         Reflect  .   (no cloak)
rCorr    .         Harm     .   (no gloves)
MR       .....                  (no boots)
Stlth    ++........             (no amulet)
HPRegen  0.13/turn              (no ring)
MPRegen  0.11/turn              (no ring)

@: very slightly contaminated, starving
A: distributed training, fangs 1, strong nose
a: no special abilities


You were on level 5 of the Dungeon.
You were starving.

You visited 1 branch of the dungeon, and saw 6 of its levels.

You collected 305 gold pieces.
You spent 156 gold pieces at shops.

Inventory:

Hand Weapons
 a - a +0 hunting sling
 s - a +0 short sword (weapon)
Missiles
 d - 9 sling bullets
 i - 9 poisoned darts (quivered)
 k - 58 stones
Armour
 g - a cursed +0 leather armour (worn)
 h - a +3 buckler of fire resistance (worn)
 l - a +1 helmet (worn)
 m - a +0 scale mail
Jewellery
 b - a cursed ring of attention {unknown}
Wands
 n - a wand of iceblast (8)
Scrolls
 p - a scroll of remove curse {unknown}
Potions
 c - a potion of curing
 e - 2 potions of heal wounds {unknown}
 j - 2 potions of stabbing
 q - a potion of degeneration {unknown}
Comestibles
 f - 5 rations


   Skills:
 + Level 3.0 Fighting
 + Level 1.5 Short Blades
 + Level 1.5 Long Blades
 + Level 1.5 Axes
 + Level 1.5 Maces & Flails
 + Level 1.5 Polearms
 + Level 1.5 Staves
 + Level 4.8 Slings
 + Level 1.5 Bows
 + Level 1.5 Crossbows
 + Level 1.5 Throwing
 + Level 1.5 Armour
 + Level 4.8 Dodging
 + Level 1.5 Stealth
 + Level 1.5 Shields
 + Level 1.5 Unarmed Combat
 + Level 3.2 Spellcasting
 + Level 1.2 Conjurations
 + Level 5.5 Hexes
 + Level 1.2 Charms
 + Level 1.2 Summonings
 + Level 1.2 Necromancy
 + Level 1.2 Translocations
 + Level 1.2 Transmutations
 + Level 1.2 Fire Magic
 + Level 1.2 Ice Magic
 + Level 1.2 Air Magic
 + Level 1.2 Earth Magic
 + Level 1.2 Poison Magic
 + Level 1.7 Invocations
 + Level 1.5 Evocations


You had 7 spell levels left.
You knew the following spells:

 Your Spells              Type           Power        Failure   Level  Hunger
a - Corona                Hex            ###....      3%          1    #......
b - Slow                  Hex            ###.....     5%          2    ##.....

Your spell library contained the following spells:

 Spells                   Type           Power        Failure   Level  Hunger
 Inner Flame              Hex/Fire       ##......     26%         3    ###....
 Portal Projectile        Hex/Tloc       ##....       26%         3    ###....
 Cause Fear               Hex            ###.......   34%         4    #####..
 Leda's Liquefaction      Hex/Erth       ##........   65%         4    #####..


Dungeon Overview and Level Annotations

Branches:
Dungeon (6/15)
 Temple: D:4-7

Altars:
Ru
Yredelemnul

Shops:
D:4 }

Annotations:
D:1 exclusion: downstairs
D:2 Terence


Innate Abilities, Weirdness & Mutations

Your experience applies equally to all skills.
You have very sharp teeth.
Your uncanny sense of smell can sniff out nearby items.


Message History

You closely miss the hound. You bite the hound, but do no damage.
The hound is almost dead.
The hound bites you.
* * * LOW HITPOINT WARNING * * *
The orc wizard mumbles some strange words.
The orc wizard seems to speed up.
The orc warrior misses you. You block the orc's attack.
The howler monkey hoots and howls with incredible vigour!
You hear a bark!
Blink to where?
Press: ? - help, Dir - move target cursor You are very lightly contaminated with residual magic.
As you read the scroll labeled BEMAACKAFF, it crumbles to dust.
It was a scroll of blinking.
The ogre shouts!
You hear an angry hiss.
A quokka comes into view.
A bullfrog skeleton comes into view.
The orc wizard points at you and mumbles some strange words.
The puff of frost hits you!
You die...

#..#.##O...# #>.o....$#
#...###.##.# #. ∆ #..##
#.##.# Z. ##. #.##.#
##.# #..###O##.###r..#
.#.....$.....>.# .
##.......<...# ∆ ..
##....@.....#
.......h..........(
.####..........##.. .
#............# .
...#### #.oo.........#
∆
#.....##o..###......##
#..h§..#. .........
......###.............#
..### #?...


You could see an orc warrior, an ogre, a howler monkey, an orc wizard (fast), an
orc, a quokka and a bullfrog skeleton.

Vanquished Creatures
  A bullfrog zombie (D:6)
  An orc priest (D:2)
  A bullfrog skeleton (D:4)
  A hound skeleton (D:6)
  A gnoll (D:6)
  A worm (D:3)
  A dart slug (D:2)
  A leopard gecko (D:1)
  5 orcs
  A ball python (D:2)
  5 giant cockroaches
  2 goblins
  4 hobgoblins
  8 jackals
  4 kobolds
  4 quokkas
  5 bats
  2 frilled lizards (D:2)
  A quokka skeleton (D:4)
  3 rats
52 creatures vanquished.

Notes
Turn   | Place    | Note
-------+----------+-------------------------------------------
     0 | D:1      | Acheron the Gnoll Arcane Marksman began the quest for the
                  | Orb.
     0 | D:1      | Reached XP level 1. HP: 17/17 MP: 4/4
   453 | D:1      | Reached XP level 2. HP: 23/23 MP: 5/5
  1009 | D:2      | Noticed Terence
  1657 | D:2      | Found a basalt altar of Yredelemnul.
  1657 | D:2      | Found a sacrificial altar of Ru.
  1658 | D:2      | Reached XP level 3. HP: 28/28 MP: 7/7
  2264 | D:2      | Reached skill level 1 in Invocations
  2450 | D:2      | Reached skill level 1 in Short Blades
  2450 | D:2      | Reached skill level 1 in Long Blades
  2450 | D:2      | Reached skill level 1 in Axes
  2450 | D:2      | Reached skill level 1 in Maces & Flails
  2450 | D:2      | Reached skill level 1 in Polearms
  2450 | D:2      | Reached skill level 1 in Staves
  2450 | D:2      | Reached skill level 1 in Bows
  2450 | D:2      | Reached skill level 1 in Crossbows
  2450 | D:2      | Reached skill level 1 in Throwing
  2450 | D:2      | Reached skill level 1 in Armour
  2450 | D:2      | Reached skill level 1 in Stealth
  2450 | D:2      | Reached skill level 1 in Shields
  2450 | D:2      | Reached skill level 1 in Unarmed Combat
  2450 | D:2      | Reached skill level 1 in Evocations
  2450 | D:2      | Reached XP level 4. HP: 4/34 MP: 8/8
  2776 | D:4      | Noticed an ogre
  2779 | D:5      | Entered Level 5 of the Dungeon
  2851 | D:4      | Noticed an ogre
  2906 | D:2      | Learned a level 2 spell: Slow
  3480 | D:4      | Reached skill level 1 in Conjurations
  3480 | D:4      | Reached skill level 1 in Charms
  3480 | D:4      | Reached skill level 1 in Summonings
  3480 | D:4      | Reached skill level 1 in Necromancy
  3480 | D:4      | Reached skill level 1 in Translocations
  3480 | D:4      | Reached skill level 1 in Transmutations
  3480 | D:4      | Reached skill level 1 in Fire Magic
  3480 | D:4      | Reached skill level 1 in Ice Magic
  3480 | D:4      | Reached skill level 1 in Air Magic
  3480 | D:4      | Reached skill level 1 in Earth Magic
  3480 | D:4      | Reached skill level 1 in Poison Magic
  3480 | D:4      | Reached XP level 5. HP: 32/40 MP: 9/9
  3505 | D:4      | Found Luigain's Gadget Emporium.
  3529 | D:4      | Bought a wand of iceblast (8) for 156 gold pieces
  3575 | D:5      | Noticed an ogre
  3686 | D:6      | Noticed a +0 hand axe
  3686 | D:6      | Noticed a +0 hand axe
  3690 | D:6      | Noticed an ice beast
  4024 | D:6      | Noticed an orc warrior
  4040 | D:5      | Killed from afar by an orc wizard

Illustrated notes

Levels and vault maps discovered:
D:1:      lordsloth_arrival_two_stooges, layout_basic, minmay_crystal_room
D:2:      cheibrodos_pilgrimage, layout_basic, fedhas_ov_isle_minmay,
          chequers_temple_overflow_statue_of_worship, first_ration,
          minmay_pentomino_x4, uniq_terence
D:3:      layout_basic, nicolae_overflow_hidden_temple, grunt_decor_fettered,
          kennysheep_generic_room_8
D:4:      layout_loops_ring, kennysheep_mini, kennysheep_mini_moat,
          serial_shops, shop_coins, enter_ossuary_2, minivault_23
D:5:      layout_rooms, elyvilon_altar_5, gammafunk_temple_overflow_statue,
          serial_shops, nicolae_shop_stone, biasface_ghost_orc_armoury,
          portal_sewer_entry_d
D:6:      kennysheep_windowed_halls, layout_gridville, dancing_weapons_uskayaw,
          lemuel_blue_sif_altar, serial_shops, shop, uniq_grinder

Skill      XL: |  1  2  3  4  5 |
---------------+----------------+-----
Invocations    | 1 |  1.7
Short Blades   | 1 |  1.5
Long Blades    | 1 |  1.5
Axes           | 1 |  1.5
Maces & Flails | 1 |  1.5
Polearms       | 1 |  1.5
Staves         | 1 |  1.5
Bows           | 1 |  1.5
Crossbows      | 1 |  1.5
Throwing       | 1 |  1.5
Armour         | 1 |  1.5
Stealth        | 1 |  1.5
Shields        | 1 |  1.5
Unarmed Combat | 1 |  1.5
Evocations     | 1 |  1.5
Spellcasting   | 3 |  3.2
Conjurations   | 1 |  1.2
Charms         | 1 |  1.2
Summonings     | 1 |  1.2
Necromancy     | 1 |  1.2
Translocations | 1 |  1.2
Transmutations | 1 |  1.2
Fire Magic     | 1 |  1.2
Ice Magic      | 1 |  1.2
Air Magic      | 1 |  1.2
Earth Magic    | 1 |  1.2
Poison Magic   | 1 |  1.2
Fighting       | 3 |  3.0
Slings         | |  4.8
Dodging        | |  4.8
Hexes          | |  5.5

Action                   |  1- 3 |  4- 6 || total
-------------------------+-------+-------++-------
Melee: Club              |    71 |       ||    71
       Bite              |    13 |    22 ||    35
       Short sword       |    51 |   129 ||   180
       Dagger            |    18 |       ||    18
 Fire: Hunting sling     |    53 |       ||    53
  Use: Scroll            |     7 |     2 ||     9
 Stab: Sleeping          |     1 |     2 ||     3
  Eat: Chunk             |     5 |     3 ||     8
Armor: Leather armour    |    29 |    17 ||    46
Dodge: Dodged            |   101 |    75 ||   176
Block: Buckler           |    41 |    50 ||    91
